 Dungeon Crawl Stone Soup version 0.29.1-4-g47bece8355 (webtiles) character file.

Game seed: 17907429170368507100

86932 ArthurDent the Thaumaturge (level 15, -4/84 HPs)
             Began as a Deep Elf Conjurer on Dec 3, 2022.
             Was a High Priest of Sif Muna.
             Killed by an exploding ball lightning (32 damage)
             ... on level 5 of the Lair of Beasts.
             The game lasted 01:24:50 (26207 turns).

ArthurDent the Thaumaturge (Deep Elf Conjurer)     Turns: 26207, Time: 01:24:50

Health: -4/84      AC: 12    Str:  4    XL:     15   Next: 42%
Magic:  0/35       EV: 15    Int: 31    God:    Sif Muna [*****.]
Gold:   2246       SH:  5    Dex: 17    Spells: 14/43 levels left

rFire   . . .      SeeInvis .   f - staff of conjuration
rCold   + . .      Faith    .   (no shield)
rNeg    . . .      Spirit   .   Z - +1 troll leather armour
rPois   .          Reflect  +   d - +1 hat
rElec   .          Harm     .   F - +1 cloak of Uprao {Stlth+}
rCorr   +          Rampage  .   W - +0 pair of gloves
Will    +....                   C - +0 pair of boots
Stlth   +++.......              u - amulet of Ihiohi Qerewn {Reflect Dex+4 Slay+3 SH+5}
HPRegen 1.04/turn               K - ring "Loypirchomao" {rC+ rCorr Slay+2}
MPRegen 0.24/turn               L - ring of wizardry

@: studying Armour
A: no striking features
a: Renounce Religion, Channel Magic, Forget Spell, Divine Exegesis


You were on level 5 of the Lair of Beasts.
You worshipped Sif Muna.
Sif Muna was extremely pleased with you.
You visited 3 branches of the dungeon, and saw 20 of its levels.
You also visited: Sewer, Ossuary and Bailey.

You collected 3236 gold pieces.
You spent 990 gold pieces at shops.

Inventory:

Armour
 d - a +1 hat (worn)
 C - a +0 pair of boots (worn)
 F - the +1 cloak of Uprao (worn) {Stlth+}
   (You acquired it in an ossuary)

   Stlth:     It makes you more stealthy.
 W - a +0 pair of gloves (worn)
 Z - a +1 troll leather armour (worn)
Magical Staves
 f - a staff of conjuration (weapon)
Jewellery
 a - a ring of positive energy
 h - an amulet of magic regeneration
 u - the amulet of Ihiohi Qerewn (around neck) {Reflect Dex+4 Slay+3 SH+5}
   (You acquired it on level 3 of the Dungeon)

   [amulet of reflection]

   It reflects blocked missile attacks.
   Dex:       It affects your dexterity (+4).
   Slay:      It affects your accuracy & damage with ranged weapons and melee
   (+3).
   SH:        It affects your SH (+5).
 v - a ring of positive energy
 K - the ring "Loypirchomao" (left hand) {rC+ rCorr Slay+2}
   (You found it on level 4 of the Lair of Beasts)

   [ring of resist corrosion]

   Slay:      It affects your accuracy & damage with ranged weapons and melee
   (+2).
   rC:        It protects you from cold.
   rCorr:     It protects you from acid and corrosion.
 L - a ring of wizardry (right hand)
 M - a ring of resist corrosion
 N - a ring of protection from cold
 O - a ring of see invisible
 P - a +4 ring of protection
 S - a +4 ring of evasion
 T - a ring of willpower
Wands
 s - a wand of flame (44)
 y - a wand of iceblast (26)
 z - a wand of paralysis (12)
 A - a wand of polymorph (10)
 U - a wand of light (14)
 X - a wand of digging (9)
 Y - a wand of mindburst (24)
Scrolls
 c - 9 scrolls of amnesia
 g - 2 scrolls of poison
 i - a scroll of fog
 j - 3 scrolls of magic mapping
 q - a scroll of blinking
 t - 4 scrolls of fear
 x - 11 scrolls of teleportation
 B - 2 scrolls of silence
 E - 3 scrolls of torment
 H - 2 scrolls of summoning
 J - 4 scrolls of immolation
 Q - 2 scrolls of vulnerability
Potions
 b - 4 potions of magic
 e - a potion of haste
 k - 6 potions of curing
 l - 4 potions of berserk rage
 m - 4 potions of resistance
 n - 2 potions of flight
 o - 3 potions of might
 p - 6 potions of mutation
 r - a potion of heal wounds
 w - 4 potions of ambrosia
 D - 5 potions of brilliance
 G - 2 potions of lignification
 I - a potion of cancellation
Miscellaneous
 R - a condenser vane
 V - a phantom mirror


   Skills:
 + Level 6.1 Fighting
 - Level 7.0 Armour
 - Level 8.6 Dodging
 - Level 2.4 Stealth
 + Level 14.7 Spellcasting
 + Level 13.0 Conjurations
 - Level 13.0 Hexes
 - Level 5.0 Necromancy
 - Level 10.0 Translocations
 - Level 4.0 Transmutations
 + Level 6.1 Air Magic
 + Level 11.8 Invocations


You had 14 spell levels left.
You knew the following spells:

 Your Spells              Type           Power      Damage    Failure   Level
a - Magic Dart            Conj           100%       1d8       0%          1
b - Searing Ray           Conj           100%       2d8       0%          2
c - Fulminant Prism       Conj/Hex       50%        3d23      1%          4
d - Iskenderun's Mystic   Conj/Tloc      96%        2d19      1%          4
e - Iskenderun's Battles  Conj           100%       2d15      1%          5
f - Sublimation of Blood  Necr           52%        N/A       1%          2
g - Conjure Ball Lightni  Conj/Air       44%        3x3d15    4%          6
h - Irradiate             Conj/Tmut      42%        3d25      1%          5

Your spell library contained the following spells:

 Spells                   Type           Power      Damage    Failure   Level
 Beastly Appendage        Tmut           94%        N/A       1%          1
 Shock                    Conj/Air       100%       1d9       1%          1
 Sting                    Tmut/Pois      100%       1d8       1%          1
 Blink                    Tloc           100%       N/A       1%          2
 Poisonous Vapours        Pois/Air       84%        N/A       1%          2
 Wereblood                Tmut           47%        N/A       1%          2
 Conjure Flame            Conj/Fire      76%        6-21      1%          3
 Dazzling Flash           Conj/Hex       100%       N/A       1%          3
 Gell's Gravitas          Tloc           71%        N/A       1%          3
 Lesser Beckoning         Tloc           71%        N/A       1%          3
 Mephitic Cloud           Conj/Pois/Air  76%        N/A       1%          3
 Spider Form              Tmut/Pois      35%        N/A       1%          3
 Stone Arrow              Conj/Erth      100%       3d13      1%          3
 Teleport Other           Tloc           71%        N/A       1%          3
 Cause Fear               Hex            40%        N/A       1%          4
 Hailstorm                Conj/Ice       76%        3d16      1%          4
 Sticky Flame             Conj/Fire      76%        2d9       1%          4
 Manifold Assault         Tloc           71%        N/A       1%          5
 Ignite Poison            Fire/Tmut/Pois 31%        N/A       2%          3
 Fireball                 Conj/Fire      38%        3d16      2%          5
 Freezing Cloud           Conj/Ice/Air   38%        6-21      2%          5
 Dispersal                Tloc           35%        N/A       3%          6
 Frozen Ramparts          Ice            44%        1d7       4%          3
 Orb of Destruction       Conj           51%        9d13      5%          7
 Ice Form                 Ice/Tmut       35%        N/A       6%          4
 Petrify                  Tmut/Erth      35%        N/A       6%          4
 Animate Armour           Summ/Erth      44%        N/A       13%         4
 Olgreb's Toxic Radiance  Pois           22%        N/A       13%         4
 Summon Ice Beast         Ice/Summ       22%        N/A       13%         4
 Borgnjor's Vile Clutch   Necr/Erth      19%        N/A       13%         5
 Starburst                Conj/Fire      38%        6d11      14%         6
 Alistair's Intoxication  Tmut/Pois      23%        N/A       16%         5
 Discord                  Hex            40%        N/A       38%         8
 Simulacrum               Ice/Necr       19%        N/A       54%         6
 Eringya's Noxious Bog    Tmut/Pois      17%        N/A       61%         6
 Disjunction              Tloc           35%        N/A       77%         8
 Dragon Form              Tmut           23%        N/A       88%         7
 Lehudib's Crystal Spear  Conj/Erth      38%        10d9      99%         8
 Chain Lightning          Conj/Air       44%        3d59      100%        9
 Dragon's Call            Summ           11%        N/A       100%        9
 Fire Storm               Conj/Fire      38%        8d10      100%        9


Dungeon Overview and Level Annotations

Branches:
Dungeon (14/15)            Temple (1/1) D:5            Lair (5/5) D:8
 Shoals (0/4) Lair:2       Spider (0/4) Lair:2        Slime (0/5) Lair:4
    Orc (0/2) D:12         Vaults (0/5) D:13          Sewer (visited)
Ossuary (visited)          Bailey (visited)

Altars:
Ashenzari
Cheibriados
Dithmenos
Elyvilon
Fedhas
Gozag
Hepliaklqana
Kikubaaqudgha
Makhleb
Nemelex Xobeh
Okawaru
Qazlal
Ru
Sif Muna
Trog
Uskayaw
Vehumet
Wu Jian
Xom
Yredelemnul
Zin
The Shining One
Jiyva

Shops:
D:3 :

Annotations:
D:8 1 runed translucent door, 0gre's ghost, novice GnIE
D:11 3 runed translucent doors, p00ps00p's ghost, journeyman HOFi


Message History

The death yak is knocked back by the mystic blast.
The death yak slams into the stone wall!
The death yak is almost dead.
The mystic blast hits the yak!
The yak is heavily wounded.
The yak is knocked back by the mystic blast.
Your battlesphere fires!
The barrage of energy hits the death yak!
You kill the death yak!
Sif Muna accepts your kill.
A death yak comes into view.
Casting: Iskenderun's Mystic Blast (safe; 1% risk of failure)
Confirm with . or Enter, or press ? or * to list all spells.
You draw magical energy from your own body!
A death yak comes into view.
Casting: Sublimation of Blood (safe; 1% risk of failure)
Confirm with . or Enter, or press ? or * to list all spells.
You feel a surge of power!
You create some ball lightning! 3 ball lightnings come into view.
Your battlesphere fires!
The barrage of energy hits the death yak!
The death yak is lightly wounded.
Your ball lightning explodes!
The blast of lightning engulfs your ball lightning.
Your ball lightning completely resists.
The blast of lightning engulfs you!!
The blast of lightning engulfs the death yak.
The death yak is moderately wounded.
Your ball lightning explodes!
The blast of lightning engulfs the death yak!!
The death yak is severely wounded.
The blast of lightning engulfs your ball lightning.
Your ball lightning completely resists.
The blast of lightning engulfs you!
The blast of lightning engulfs the yak!!
You kill the yak!
Sif Muna accepts your kill.
Your ball lightning explodes!
The blast of lightning engulfs you!!
You die...

........8.............##.....##..
.............8.........#####...##
######....8..................†.#
###......8..................
###......###............#⌠
#......## ##.............
#P.###.*.## #...........##
#######...####...........#
###.###.@.# #............
#.....##Y.# #............
#P..#..Y...## #.... ##..†...#
...Y ##....## .## ###.## ###


You could see a death yak (ally target) and a friendly battlesphere.

Vanquished Creatures
  Kirke (Lair:3)
  Nessos (Lair:5)
  Josephine (Lair:4)
  2 boulder beetles
  8 hydras
  4 vault guards (D:13)
  2 catoblepae
  5 centaur warriors
  3 death yaks (Lair:5)
  3 two-headed ogres (D:9)
  A tengu warrior (D:13)
  Nergalle (Lair:2)
  Sonja (Lair:1)
  2 orc knights (Bailey)
  3 cyclopes
  2 deep elf pyromancers
  2 manticores
  2 ugly things (D:13)
  6 elephants (Lair:5)
  A merfolk siren (Lair:2)
  7 black mambas
  An ice statue (Lair:4)
  8 cane toads
  A gargoyle (D:7)
  A freezing wraith (Lair:4)
  2 kobold demonologists (D:12)
  4 rime drakes
  4 komodo dragons
  A tengu conjurer (D:13)
  10 polar bears
  A meliai (Lair:2)
  3 trolls
  Grinder (D:4)
  5 hornets
  5 blink frogs (Lair:2)
  27 dream sheep
  6 slime creatures (D:12)
  2 shadows
  4 wraiths
  5 wyverns
  7 humans (D:13)
  54 yaks
  2 basilisks
  4 steam dragons (D:9)
  2 vampire mosquitoes (D:12)
  A warg (D:12)
  Menkaure (D:7)
  3 acid dragons
  11 water moccasins
  14 orc warriors
  7 ice beasts
  Pargi (Sewer)
  A sky beast (D:7)
  An ogre (D:7)
  4 black bears
  11 centaurs
  11 wolves
  A phantom (D:6)
  11 bullfrogs
  4 kobold brigands
  2 gnoll sergeants
  5 scorpions
  13 wights
  26 killer bees
  4 howler monkeys
  2 centaur zombies (Ossuary)
  A human zombie (Ossuary)
  2 jellies
  2 gnoll boudas
  6 orc priests
  8 hounds
  Crazy Yiuf (D:7)
  4 iguanas
  15 orc wizards
  3 ogre zombies (Ossuary)
  8 mummies
  12 gnolls
  5 adders
  A river rat (D:3)
  4 white imps
  3 adder zombies (Ossuary)
  A worm (D:5)
  7 dart slugs
  48 orcs
  3 endoplasms
  7 giant cockroaches
  6 goblins
  9 hobgoblins
  3 jackals (D:3)
  16 kobolds
  2 quokkas
  5 ball pythons
  5 bats
  4 frilled lizards
  A gnoll zombie (Ossuary)
  3 goblin zombies (Ossuary)
  5 hobgoblin zombies (Ossuary)
  3 kobold zombies (Ossuary)
  5 quokka zombies (Ossuary)
  9 rats
  3 rat zombies (Ossuary)
572 creatures vanquished.

Vanquished Creatures (others)
  5 humans
  A wolf (Lair:3)
  9 ball lightnings
  41 fulminant prisms
  65 fungi
  71 plants
192 creatures vanquished.

Grand Total: 764 creatures vanquished

Notes
Turn   | Place    | Note
-------+----------+-------------------------------------------
     0 | D:1      | ArthurDent the Deep Elf Conjurer began the quest for the
                  | Orb.
     0 | D:1      | Reached XP level 1. HP: 10/10 MP: 6/6
   276 | D:1      | Reached XP level 2. HP: 12/15 MP: 0/8
   331 | D:1      | Learned a level 2 spell: Searing Ray
   721 | D:1      | Reached skill level 4 in Spellcasting
   855 | D:1      | Reached XP level 3. HP: 19/19 MP: 8/10
  1139 | D:2      | Reached skill level 5 in Conjurations
  1740 | D:3      | Reached XP level 4. HP: 24/24 MP: 8/12
  1815 | D:3      | Found Otim's Book Shoppe.
  1884 | D:3      | Learned a level 4 spell: Fulminant Prism
  1889 | D:3      | Learned a level 4 spell: Iskenderun's Mystic Blast
  1989 | D:3      | Found a glowing drain.
  2037 | Sewer    | Entered a sewer
  2043 | Sewer    | Reached skill level 5 in Spellcasting
  2175 | Sewer    | Noticed Pargi
  2182 | Sewer    | Killed Pargi
  2183 | Sewer    | Reached skill level 1 in Hexes
  2183 | Sewer    | Reached skill level 1 in Translocations
  2183 | Sewer    | Reached XP level 5. HP: 10/28 MP: 4/14
  2332 | D:3      | Found a faded altar of an unknown god.
  2333 | D:3      | Identified 3 scrolls of acquirement
  2333 | D:3      | Acquired 1302 gold pieces
  2378 | D:3      | Bought a book of Armaments for 396 gold pieces
  2378 | D:3      | Bought a book of the Spheres for 594 gold pieces
  2378 | D:3      | Acquired the amulet of Ihiohi Qerewn {Reflect Dex+4 Slay+3
                  | SH+5}
  2392 | D:3      | Acquired a staff of conjuration
  2645 | D:3      | Found a shimmering blue altar of Sif Muna.
  2770 | D:3      | Became a worshipper of Sif Muna the Loreminder
  3236 | D:4      | Reached skill level 1 in Invocations
  3236 | D:4      | Reached XP level 6. HP: 15/32 MP: 7/16
  3632 | D:4      | Found an iron altar of Okawaru.
  3710 | D:4      | Reached * piety under Sif Muna
  3791 | D:4      | Noticed Grinder
  3798 | D:4      | Killed Grinder
  3799 | D:4      | Reached skill level 6 in Spellcasting
  3799 | D:4      | Reached XP level 7. HP: 26/36 MP: 8/18
  4201 | D:5      | Entered Level 5 of the Dungeon
  4691 | D:5      | Found a staircase to the Ecumenical Temple.
  4708 | Temple   | Entered the Ecumenical Temple
  5391 | D:6      | Reached XP level 8. HP: 41/41 MP: 13/20
  5491 | D:6      | Reached skill level 7 in Spellcasting
  5504 | D:6      | Found a sand-covered staircase.
  5569 | Ossuary  | Entered an ossuary
  6236 | Ossuary  | Reached ** piety under Sif Muna
  6384 | Ossuary  | Reached skill level 5 in Hexes
  6826 | Ossuary  | Acquired the +1 cloak of Uprao {Stlth+}
  7163 | D:6      | Learned a level 5 spell: Iskenderun's Battlesphere
  7304 | D:6      | Found a shimmering altar of Xom.
  7800 | D:7      | Noticed a hornet
  7802 | D:7      | Reached skill level 8 in Spellcasting
  7802 | D:7      | Reached skill level 5 in Translocations
  7805 | D:7      | Killed a hornet
  7806 | D:7      | Reached XP level 9. HP: 45/45 MP: 10/23
  7933 | D:7      | Reached skill level 5 in Invocations
  8127 | D:7      | Reached skill level 9 in Spellcasting
  8359 | D:7      | Noticed a gargoyle
  8374 | D:7      | Reached *** piety under Sif Muna
  8513 | D:7      | Killed a gargoyle
  8514 | D:7      | Reached XP level 10. HP: 45/50 MP: 0/25
  8658 | D:7      | Learned a level 2 spell: Sublimation of Blood
  8906 | D:7      | Noticed Menkaure
  8909 | D:7      | Killed Menkaure
  9070 | D:7      | Found a runed translucent door.
  9071 | D:7      | Noticed Crazy Yiuf
  9181 | D:7      | Killed Crazy Yiuf
  9682 | D:8      | Found a flagged portal.
  9711 | Bailey   | Entered a bailey
  9735 | Bailey   | Reached skill level 10 in Spellcasting
 10086 | Bailey   | Reached **** piety under Sif Muna
 10409 | Bailey   | Noticed an orc knight
 10409 | Bailey   | Noticed an orc knight
 10413 | Bailey   | Killed an orc knight
 10414 | Bailey   | Killed an orc knight
 10603 | D:8      | Found a shadowy altar of Dithmenos.
 11093 | D:8      | Found a runed translucent door.
 11094 | D:8      | Found a shimmering altar of Xom.
 11094 | D:8      | Noticed 0gre's ghost (novice GnIE)
 11096 | D:8      | Noticed a +1 falchion of chaos
 11407 | D:8      | Found a staircase to the Lair.
 11631 | D:9      | Reached XP level 11. HP: 54/54 MP: 13/27
 11632 | D:9      | Reached skill level 11 in Spellcasting
 11633 | D:9      | Reached skill level 10 in Conjurations
 11965 | D:9      | Noticed a two-headed ogre
 11970 | D:9      | Killed a two-headed ogre
 11971 | D:9      | Reached skill level 10 in Hexes
 11998 | D:9      | Noticed a boulder beetle
 12214 | D:9      | Reached ***** piety under Sif Muna
 12583 | D:9      | Noticed a catoblepas
 12591 | D:9      | Killed a catoblepas
 12625 | D:9      | Received a gift from Sif Muna
 12626 | D:9      | Reached skill level 1 in Fighting
 12709 | D:9      | Noticed a deep elf pyromancer
 12714 | D:9      | Killed a deep elf pyromancer
 12871 | D:9      | Noticed a two-headed ogre
 12876 | D:9      | Killed a two-headed ogre
 12915 | D:9      | Identified the +2 robe of Youthful Indiscretion {Harm
                  | *Corrode Will++ Str+2}
 12915 | D:9      | Noticed a centaur warrior
 13426 | D:8      | Killed a boulder beetle
 13761 | D:9      | Killed a centaur warrior
 13762 | D:9      | Reached skill level 12 in Spellcasting
 13885 | D:9      | Noticed a centaur warrior
 13891 | D:9      | Killed a centaur warrior
 14244 | D:9      | Reached XP level 12. HP: 63/63 MP: 17/30
 14260 | D:9      | Noticed a two-headed ogre
 14271 | D:9      | Killed a two-headed ogre
 14511 | D:9      | Found a bloodstained altar of Trog.
 14641 | D:10     | Entered Level 10 of the Dungeon
 14671 | D:10     | Identified the +4 ring mail of the Maze {Str+4}
 15686 | D:11     | Found a runed translucent gate.
 15686 | D:11     | Found a runed translucent gate.
 15933 | D:11     | Learned a level 6 spell: Conjure Ball Lightning
 15990 | D:11     | Found a glowing golden altar of the Shining One.
 16089 | D:11     | Noticed a centaur warrior
 16093 | D:11     | Killed a centaur warrior
 16558 | D:11     | Found a runed translucent gate.
 16566 | D:11     | Noticed p00ps00p's ghost (journeyman HOFi)
 16622 | D:11     | Reached skill level 1 in Air Magic
 16947 | D:12     | Noticed an eight-headed hydra
 16955 | D:12     | Killed an eight-headed hydra
 16956 | D:12     | Reached skill level 1 in Armour
 17029 | D:12     | Reached skill level 10 in Translocations
 17137 | D:12     | Noticed a centaur warrior
 17144 | D:12     | Killed a centaur warrior
 17145 | D:12     | Reached skill level 10 in Invocations
 17145 | D:12     | Received a gift from Sif Muna
 17148 | D:12     | Reached skill level 13 in Spellcasting
 17148 | D:12     | Got Sif Muna's Writings on Concussion and Hoarfrost {god
                  | gift}
 17636 | D:12     | Found a staircase to the Orcish Mines.
 18141 | D:13     | Noticed a tengu warrior
 18147 | D:13     | Killed a tengu warrior
 18201 | D:13     | Found a sacrificial altar of Ru.
 18508 | D:13     | Reached XP level 13. HP: 70/70 MP: 23/32
 18568 | D:13     | Reached XP level 14. HP: 76/76 MP: 33/33
 18679 | D:13     | Found a gate to the Vaults.
 18909 | D:13     | Learned a level 5 spell: Irradiate
 18983 | D:14     | Reached skill level 1 in Transmutations
 19190 | Lair:1   | Entered Level 1 of the Lair of Beasts
 19726 | Lair:1   | Noticed Sonja
 19738 | Lair:1   | Killed Sonja
 19815 | Lair:1   | Reached skill level 1 in Necromancy
 20497 | Lair:2   | Found a hole to the Spider Nest.
 21099 | Lair:2   | Noticed Nergalle
 21111 | Lair:2   | Killed Nergalle
 21606 | Lair:2   | Found a staircase to the Shoals.
 21864 | Lair:3   | Received a gift from Sif Muna
 21868 | Lair:3   | Reached skill level 5 in Armour
 21868 | Lair:3   | Got Sif Muna's Teachings on the Energetic Snowflakes {god
                  | gift}
 21947 | Lair:3   | Reached skill level 5 in Fighting
 22187 | Lair:3   | Noticed Kirke
 22195 | Lair:3   | Killed Kirke
 22652 | Lair:3   | Reached skill level 14 in Spellcasting
 23291 | Lair:4   | Reached skill level 5 in Air Magic
 23433 | Lair:4   | HP: 3/78 [polar bear (10)]
 23733 | Lair:4   | Found a viscous altar of Jiyva.
 23733 | Lair:4   | Found a staircase to the Slime Pits.
 24021 | Lair:4   | Noticed Josephine
 24026 | Lair:4   | Killed Josephine
 24027 | Lair:4   | Reached XP level 15. HP: 82/82 MP: 26/35
 24285 | Lair:4   | Received a gift from Sif Muna
 24670 | Lair:4   | Identified the ring "Loypirchomao" {rC+ rCorr Slay+2}
 24705 | Lair:5   | Entered Level 5 of the Lair of Beasts
 25178 | Lair:5   | Noticed Nessos
 25188 | Lair:5   | Killed Nessos
 25538 | Lair:5   | Reached skill level 5 in Necromancy
 26207 | Lair:5   | Killed by an exploding ball lightning

Illustrated notes

Levels and vault maps discovered:
D:1:      heliophobic_arrival_battle_scene, layout_rooms
D:2:      layout_basic, minmay_misc_feat_room, corexii_shack
D:3:      layout_rooms, mainiacjoe_overflow_alcove_4, portal_sewer_entry_b,
          serial_shops, nicolae_shop_advertising_works
          [nicolae_subvault_shop_adworks], chequers_ecumenical_altar_lobes
D:4:      layout_loops_cross, okawaru_gym_becter, uniq_grinder
D:5:      layout_loops_ring, minmay_temple_entry_offerings
D:6:      layout_rooms, mainiacjoe_overflow_surrounded_room,
          gup_ossuary_entry_pyramid, hangedman_decor_diamond_cutter,
          hangedman_decor_opposing, grunt_ministairs_13
D:7:      minmay_clustersquares, layout_loops_ring, uniq_crazy_yiuf_cottage,
          uniq_menkaure
D:8:      layout_layer_cave, lemuel_crystal_altar,
          grunt_lair_entry_orc_guard_hut, enter_bailey_4, ebering_ghost_xom
D:9:      minmay_the_grid_4x2 [minmay_the_grid_minigrid_small,
          minmay_the_grid_medium_cups, minmay_the_grid_dragon_b,
          minmay_the_grid_square_x, minmay_the_grid_odd_star,
          minmay_the_grid_dragon_a, minmay_the_grid_holed_spiral,
          minmay_the_grid_prize_big_room], layout_gridville,
          overflow_temple_1_default
D:10:     layout_basic, hive_lemuel
D:11:     layout_rooms, gammafunk_ghost_spectres, tso_altar
D:12:     layout_basic, david_orc_1_choice, serial_park_tiny_pond
D:13:     layout_basic, ximxim_vaults_locker_room,
          nicolae_ru_sacrificial_ziggurat
D:14:     layout_basic, elyvilon_altar_3, uniq_roxanne
Temple:   minmay_crystal_spiral_temple
Lair:1:   layout_small_grid, lemuel_old_faithful, infiniplex_staircase_pool_2,
          uniq_sonja
Lair:2:   layout_big_grid, elwin_shoals_entry_rooms,
          hellmonk_spider_entry_not_the_bees, uniq_nergalle
Lair:3:   layout_chaotic_city, uniq_kirke
Lair:4:   layout_regular_city, slime_entry_1, minivault_27, ice2_lemuel,
          uniq_josephine
Lair:5:   evilmike_catoblepas_cave, layout_regular_city,
          cheibrodos_lair_lostbears, grunt_megastairs_1, uniq_nessos

Skill      XL: |  1  2  3  4  5  6  7  8  9 10 11 12 13 14 15 |
---------------+----------------------------------------------+-----
Spellcasting   | 4 5 6 8 9 10 12 13 14 | 14.7
Conjurations   | 5 6 7 8 9 10 11 12 13 | 13.0
Hexes          | 1 2 3 4 6 8 9 11 12 13 | 13.0
Translocations | 1 2 3 5 6 8 9 10 | 10.0
Invocations    | 1 2 3 4 6 7 9 10 11 | 11.8
Fighting       | 2 4 5 6 |  6.1
Air Magic      | 2 5 6 |  6.1
Armour         | 3 6 7 |  7.0
Dodging        | 8 |  8.6
Transmutations | 3 4 |  4.0
Necromancy     | 4 5 |  5.0
Stealth        | |  2.4

Action                   |  1- 3 |  4- 6 |  7- 9 | 10-12 | 13-15 || total
-------------------------+-------+-------+-------+-------+-------++-------
Melee: Short sword       |     2 |       |       |       |       ||     2
       Staff             |       |     3 |       |       |       ||     3
 Cast: Magic Dart        |    73 |    89 |   180 |   351 |   349 ||  1042
       Searing Ray       |       |     8 |    26 |     2 |     2 ||    38
       Iskenderun's Myst |       |       |     8 |    56 |    72 ||   136
       Iskenderun's Batt |       |       |    15 |    69 |    77 ||   161
       Fulminant Prism   |       |       |     2 |    11 |    28 ||    41
       Sublimation of Bl |       |       |       |     1 |    23 ||    24
       Conjure Ball Ligh |       |       |       |       |     3 ||     3
Invok: Channel Magic     |       |       |       |     4 |     2 ||     6
  Use: Scroll            |     2 |     7 |     4 |    15 |     4 ||    32
       Potion            |     1 |     3 |     4 |       |     4 ||    12
Armor: Robe              |       |     8 |    12 |    11 |       ||    31
       Troll leather arm |       |       |       |     8 |    34 ||    42
Dodge: Dodged            |     1 |    22 |    39 |    46 |    70 ||   178
Block: Other             |       |    10 |    24 |    16 |    27 ||    77
       Reflection        |       |       |       |     9 |     4 ||    13
